 Dungeon Crawl Stone Soup version 0.29.1-1-gd02db69 (webtiles) character file.

Game seed: 18373612228761350357

455 NekoPoi the Cudgeller (level 6, 0/56 HPs)
             Began as a Minotaur Berserker on Apr 23, 2023.
             Was a Believer of Trog.
             Slain by an iguana (5 damage)
             ... on level 5 of the Dungeon.
             The game lasted 00:16:49 (2112 turns).

NekoPoi the Cudgeller (Minotaur Berserker)          Turns: 2112, Time: 00:16:49

Health: 0/56       AC:  8    Str: 30    XL:     6   Next: 76%
Magic:  5/5        EV: 11    Int:  4    God:    Trog [**....]
Gold:   84         SH:  0    Dex:  9    Spells: 5/5 levels left

rFire   . . .      SeeInvis .   v - +0 war axe
rCold   . . .      Faith    .   (no shield)
rNeg    + . .      Spirit   .   d - +1 scale mail
rPois   .          Reflect  .   (helmet restricted)
rElec   .          Harm     .   (no cloak)
rCorr   .          Rampage  .   (no gloves)
Will    .....                   (no boots)
Stlth   ..........              (no amulet)
HPRegen 0.18/turn               g - +6 ring of strength
MPRegen 0.09/turn               u - ring of positive energy

@: invisible
A: horns 2, retaliatory headbutt
a: Renounce Religion, Berserk, Trog's Hand


You were on level 5 of the Dungeon.
You worshipped Trog.
Trog was pleased with you.
You visited 1 branch of the dungeon, and saw 5 of its levels.

You collected 84 gold pieces.

Inventory:

Hand Weapons
 a - a +0 mace
 o - a +0 spear
 v - a +0 war axe (weapon)
Missiles
 m - 6 poisoned darts (quivered)
Armour
 b - a +0 scale mail
 c - a +0 ring mail
 d - a +1 scale mail (worn)
 e - a +0 leather armour
Jewellery
 g - a +6 ring of strength (left hand)
 i - a ring of magical power
 u - a ring of positive energy (right hand)
Wands
 s - a wand of light (12)
Scrolls
 j - a scroll of immolation
 k - a scroll of vulnerability
 q - a scroll of identify
Potions
 f - a potion of haste {unknown}
 h - a potion of magic {unknown}
 l - a potion of brilliance {unknown}
 n - a potion of experience {unknown}
 p - a potion of ambrosia {unknown}
 r - a potion of invisibility
 t - 2 potions of flight {unknown}
 w - a potion of lignification {unknown}


   Skills:
 + Level 5.3 Fighting
 + Level 5.4 Maces & Flails
 + Level 1.4 Polearms
 + Level 1.3 Throwing
 + Level 4.7 Armour
 + Level 3.8 Dodging
 + Level 0.9 Stealth


You had 5 spell levels left.
You didn't know any spells.
Your spell library contained the following spells:

 Spells                   Type           Power      Damage    Failure   Level
 Apportation              Tloc           0%         N/A       75%         1
 Necrotise                Necr           0%         1d4       75%         1
 Summon Small Mammal      Summ           0%         N/A       75%         1
 Frozen Ramparts          Ice            0%         1d1       98%         3
 Gell's Gravitas          Tloc           0%         N/A       98%         3
 Teleport Other           Tloc           0%         N/A       98%         3
 Ice Form                 Ice/Tmut       0%         N/A       100%        4
 Summon Ice Beast         Ice/Summ       0%         N/A       100%        4
 Dispersal                Tloc           0%         N/A       100%        6


Dungeon Overview and Level Annotations

Branches:
Dungeon (5/15)
 Temple: D:4-7

Altars:
Dithmenos


Innate Abilities, Weirdness & Mutations

You have a pair of horns on your head.
You reflexively headbutt those who attack you in melee.


Message History

The gnoll hits you from afar with a +0 halberd.
You barely miss the iguana.
The iguana is moderately wounded.
The gnoll closely misses you. The iguana barely misses you.
The gnoll hits you from afar with a +0 halberd.
* * * LOW HITPOINT WARNING * * *
The gnoll hits you from afar with a +0 spear.
* * * LOW HITPOINT WARNING * * *
The iguana closely misses you. You furiously retaliate!
You headbutt the iguana. The gnoll barely misses you.
The gnoll hits you from afar with a +0 spear.
* * * LOW HITPOINT WARNING * * *
The iguana bites you but does no damage.
You see here a +0 flail.
The iguana attacks as you move away! The iguana closely misses you.
You furiously retaliate!
You headbutt the iguana, but do no damage.
Your attacks no longer feel as feeble.
The iguana attacks as you move away! The iguana bites you.
* * * LOW HITPOINT WARNING * * *
The iguana misses you.
The ufetubus hits you but does no damage.
The ufetubus hits you.
* * * LOW HITPOINT WARNING * * *
The ufetubus hits you but does no damage.
The ufetubus hits you.
* * * LOW HITPOINT WARNING * * *
The gnoll bouda barks out a call to the hunt!
The gnoll picks up the pace!
You see here a +0 short sword.
You fade into invisibility!
The ufetubus closely misses you. You furiously retaliate!
You headbutt the ufetubus!
You kill the ufetubus!
Trog accepts your kill. The iguana bites you.
* * * LOW HITPOINT WARNING * * *
The gnoll barely misses you. The iguana bites you.
You die...

#..................
#.........#....######+
#.........#....##...).
#.......:.#...........
#.........#...........
#.........#..<........
#.........#....##.....
##...##<####.<.# ....
##...#######.@.## ....
#...........))l.# $..
#...........)g..# ...
#...........g)..# ....
#.............w.# .....
#..............)#....?.
############...gg......
######...... ......


You could see a gnoll bouda (unable to see you), an iguana (unable to see you),
3 gnolls and a dart slug (unable to see you).

Vanquished Creatures
  A black bear (D:3)
  A centaur (D:5)
  3 hounds
  A jelly (D:4)
  2 iguanas (D:3)
  2 gnolls (D:5)
  2 adders (D:4)
  2 ufetubi (D:5)
  A dart slug (D:1)
  5 orcs (D:5)
  4 ball pythons
  2 endoplasms
  A giant cockroach (D:2)
  5 hobgoblins
  11 jackals
  A quokka (D:2)
  3 frilled lizards
  7 kobolds
  4 rats
58 creatures vanquished.

Vanquished Creatures (others)
  11 fungi
11 creatures vanquished.

Grand Total: 69 creatures vanquished

Notes
Turn   | Place    | Note
-------+----------+-------------------------------------------
     0 | D:1      | NekoPoi the Minotaur Berserker began the quest for the Orb.
     0 | D:1      | Reached XP level 1. HP: 19/19 MP: 0/0
    82 | D:1      | Reached XP level 2. HP: 7/27 MP: 1/1
   469 | D:2      | Found a faded altar of an unknown god.
  1172 | D:3      | Reached XP level 3. HP: 33/33 MP: 2/2
  1200 | D:3      | Noticed a black bear
  1206 | D:3      | Killed a black bear
  1207 | D:3      | Reached XP level 4. HP: 33/41 MP: 3/3
  1238 | D:3      | Found a shadowy altar of Dithmenos.
  1268 | D:3      | Reached XP level 5. HP: 42/47 MP: 4/4
  1365 | D:3      | Reached ** piety under Trog
  1399 | D:3      | Reached skill level 5 in Fighting
  1399 | D:3      | Reached skill level 5 in Maces & Flails
  1927 | D:4      | Reached XP level 6. HP: 55/56 MP: 5/5
  2013 | D:5      | Entered Level 5 of the Dungeon
  2023 | D:5      | Reached skill level 1 in Polearms
  2099 | D:5      | Reached skill level 1 in Throwing
  2112 | D:5      | Slain by an iguana

Illustrated notes

Levels and vault maps discovered:
D:1:      enne_arrival_octagon_isle, layout_loops_cross,
          corexii_leaking_fountain
D:2:      layout_loops_corners, shapermc_ecumenical_altar_mp_ritualfount,
          minmay_lizard_king
D:3:      layout_rooms, marbit_many_paths, grunt_dithmenos_smoke
D:4:      layout_basic, lemuel_tele_altar, old_standard_altar, serial_aquarium,
          aquarium_bridge_long_separate [aquarium_subvault_balcony,
          aquarium_subvault_wall, aquarium_subvault_bridge,
          aquarium_subvault_window, aquarium_subvault_bridge,
          aquarium_subvault_wall], aquarium_window_fake, aquarium_window_fake,
          aquarium_view_2d, aquarium_view_4, aquarium_balcony_3a
D:5:      layout_gridville, ashenzari_conservatory_becter, tso_metal_star,
          serial_shops, shop_fountains, uniq_crazy_yiuf_cottage,
          uniq_blork_the_orc, uniq_menkaure

Skill      XL: |  1  2  3  4  5  6 |
---------------+-------------------+-----
Maces & Flails | 4 5 |  5.4
Fighting       | 4 5 |  5.3
Armour         | 3 4 |  4.7
Dodging        | 3 |  3.8
Polearms       | 1 |  1.4
Throwing       | 1 |  1.3
Stealth        | |  0.9

Action                   |  1- 3 |  4- 6 || total
-------------------------+-------+-------++-------
Melee: Mace              |    49 |       ||    49
       Headbutt          |    11 |    10 ||    21
       Spear             |    15 |    65 ||    80
       Punch             |       |     2 ||     2
       War axe           |       |     9 ||     9
Throw: Dart              |     4 |       ||     4
  Use: Scroll            |     2 |     5 ||     7
       Potion            |     1 |     1 ||     2
Armor: Leather armour    |    11 |       ||    11
       Scale mail        |    10 |    44 ||    54
       Ring mail         |     1 |       ||     1
Dodge: Dodged            |    31 |    82 ||   113
